 Dungeon Crawl Stone Soup version 0.17-a0-1510-gb3fb22e (webtiles) character file.

281 amnekian the Vandal (level 6, -3/39 HPs)
             Began as a Halfling Warper on July 12, 2015.
             Succumbed to Duvessa's poison
             ... on level 4 of the Dungeon.
             The game lasted 00:16:05 (5399 turns).

amnekian the Vandal (Halfling Warper)               Turns: 5399, Time: 00:16:05

Health: -3/39      AC:  6    Str: 12    XL:     6   Next: 53%
Magic:  8/8        EV: 13    Int: 12    God:
Gold:   131        SH:  0    Dex: 15    Spells: 2 memorised, 3 levels left

rFire  . . .     SeeInvis .     a - +0 falchion
rCold  . . .     Clarity  .     D - +1 ring mail
rNeg   . . .     SustAt   .     (shield restricted)
rPois  .         Gourm    .     (no helmet)
rElec  .         Spirit   .     (no cloak)
rCorr  .         Warding  .     (no gloves)
rMut   .         Rnd*Tele +     (no boots)
MR     .....                    (no amulet)
Stlth  +.........               (no ring)
                                t - ring of teleportation

@: lethally poisoned (-3 -> -56), very slightly contaminated, invisible, not
resistant to hostile enchantments, very unstealthy
A: mutation resistance 1
a: Evoke Teleportation


You were on level 4 of the Dungeon.
You were hungry.

You visited 1 branch of the dungeon, and saw 5 of its levels.

You collected 131 gold pieces.

Inventory:

Hand weapons
 a - a +0 falchion (weapon)
 b - a +2 hunting sling of flaming
 m - a +0 dagger
Missiles
 j - 60 stones (quivered)
 y - 13 sling bullets
Armour
 s - a +0 leather armour
 D - a +1 ring mail (worn)
Jewellery
 t - a ring of teleportation (left hand)
Scrolls
 d - 2 scrolls of blinking
 g - a scroll of random uselessness
 n - 4 scrolls of enchant weapon
 p - a scroll of remove curse
 u - a scroll of noise
 v - a scroll of teleportation
 A - 2 scrolls of immolation
Potions
 e - 2 potions of curing
 o - a potion of beneficial mutation {unknown}
 q - a potion of invisibility
 w - a potion of brilliance {unknown}
 B - a potion of flight
Books
 c - a book of Spatial Translocations

   Spells                             Type                      Level
   a - Apportation                    Translocation                1
   b - Blink                          Translocation                2
   c - Shroud of Golubria             Charms/Translocation         2
   d - Portal Projectile              Translocation                3
   e - Teleport Other                 Translocation                3
   f - Passage of Golubria            Translocation                4
Comestibles
 f - 3 bread rations
 i - 2 beef jerkies
 k - a royal jelly
 x - 3 meat rations
 z - 2 chunks of flesh


   Skills:
 - Level 1.7 Fighting
 * Level 4.0 Long Blades
 - Level 6.4(6.6) Slings
 - Level 1.3(3.9) Throwing
 - Level 1.1 Armour
 - Level 2.1 Dodging
 - Level 1.5 Spellcasting
 - Level 3.8 Translocations


You had 3 spell levels left.
You knew the following spells:

 Your Spells              Type           Power        Failure   Level  Hunger
a - Apportation           Tloc           ##........   14%         1    ##.....
b - Passage of Golubria   Tloc           N/A          97%         4    #####..


Dungeon Overview and Level Annotations

Branches:
Dungeon (5/15)
 Temple: D:4-7

Altars:
Sif Muna

Shops:
D:4 %   D:5 %

Annotations:
D:4 Dowan, Duvessa
D:5 Edmund


Innate Abilities, Weirdness & Mutations

You are small and have problems with some larger weapons.
You are somewhat resistant to further mutation.


Message History

Duvessa is lightly wounded.
You are feeling hungry.
You feel sick.
Duvessa hits you with a short sword of venom!
You are more poisoned.
You closely miss Duvessa.
Duvessa is lightly wounded.
You feel very sick. Duvessa closely misses you.
You hit Duvessa.
Duvessa is moderately wounded.
* * * LOW HITPOINT WARNING * * *
You feel very sick.
Duvessa hits you with a short sword of venom!
* * * LOW HITPOINT WARNING * * *
You are more poisoned.
You catch the helpless Duvessa completely off-guard!
You hit Duvessa.
Duvessa is heavily wounded.
You die...

#.#.# #.#.# #.#.# #.#.#
#.#e# #.#.# #e#.##########
#.@<.........#
############.# # #.
#......#...# #. #.#
#.####)#.### ##.#
##.##.### #.# #.#.# ....
#.......# #)# #.#.# ....
#.......###.####.#.# ....
#........##......#.#
....###........###.....#.#


You could see Duvessa and Dowan.

Vanquished Creatures
  Ijyb (D:2)
  3 worker ants
  5 adders
  2 gnolls
  An ooze (D:1)
  2 worms (D:2)
  5 giant geckos
  9 orcs
  5 giant cockroaches
  9 goblins
  13 hobgoblins
  15 jackals
  6 kobolds
  3 quokkas
  8 bats
  2 giant newts (D:1)
  A jackal skeleton (D:5)
  A quokka skeleton (D:4)
  7 rats
98 creatures vanquished.

Notes
Turn   | Place    | Note
--------------------------------------------------------------
     0 | D:1      | amnekian the Halfling Warper began the quest for the Orb.
     0 | D:1      | Reached XP level 1. HP: 14/14 MP: 3/3
   269 | D:1      | Reached XP level 2. HP: 17/19 MP: 4/4
   823 | D:1      | Reached XP level 3. HP: 24/24 MP: 5/5
  1300 | D:2      | Reached skill level 1 in Slings
  1623 | D:2      | Reached XP level 4. HP: 27/29 MP: 6/6
  1725 | D:2      | Noticed Ijyb
  2083 | D:2      | Killed Ijyb
  2083 | D:2      | Reached skill level 4 in Slings
  2599 | D:3      | Reached XP level 5. HP: 34/34 MP: 7/7
  2913 | D:3      | Reached skill level 5 in Slings
  3411 | D:3      | Found a faded altar to an unknown god.
  3599 | D:3      | You fall through a shaft for 2 floors!
  3599 | D:5      | Entered Level 5 of the Dungeon
  3733 | D:5      | Reached skill level 6 in Slings
  3766 | D:5      | Reached XP level 6. HP: 39/39 MP: 8/8
  3809 | D:5      | Found Osazxaed's Food Shoppe.
  3841 | D:5      | Noticed Edmund
  3875 | D:4      | Found Ehashroni's Food Boutique.
  4252 | D:3      | Found a deep blue altar of Sif Muna.
  4480 | D:4      | Learned a level 4 spell: Passage of Golubria
  5118 | D:4      | Noticed Duvessa
  5118 | D:4      | Noticed Dowan
  5398 | D:4      | HP: 1/39 [Duvessa/short sword of venom (9)]
  5399 | D:4      | Succumbed to Duvessa's poison

Vault maps used:
D:1:      eino_arrival_cavern_d
D:2:      first_bread, uniq_iyjb
D:3:      lemuel_blue_sif_altar, ecumenical_altar_2
D:4:      serial_shops, shop_statue, uniq_duvessa, uniq_sigmund, uniq_natasha
D:5:      nicolae_overflow_hidden_temple, serial_shops, shop, uniq_edmund

Action                   |  1- 3 |  4- 6 || total
-------------------------+-------+-------++-------
Melee: Falchion          |   103 |   262 ||   365
 Fire: Hunting sling     |    22 |    50 ||    72
Throw: Stone             |     2 |       ||     2
       Tomahawk          |     5 |       ||     5
  Use: Potion            |     1 |     1 ||     2
       Scroll            |       |    11 ||    11
 Stab: Invisible         |       |     2 ||     2
  Eat: Chunk             |     2 |    12 ||    14
